Map: Blueshift LE

Players

FLORENCIO - Winner!

  • Race: Protoss Protoss
  • League: Master
  • Spawn Location: 7:00

CareAgain

  • Race: Zerg Zerg
  • League: Master
  • Spawn Location: 1:00

VOD

Have the link to the VOD?

Description

Time

  • Played on: Oct. 26, 2018, 6:58 p.m.
  • Length: 4:23
Show
View Real Time Build Order
Export as new Build Order

FLORENCIO Protoss - Winner!

Build Orders:  

Get SALT Encoding   

  12  0:01  Probe  
  13  0:13  Probe  
  14  0:23  Pylon  
  14  0:25  Probe  
  15  0:41  Probe  
  16  0:44  Forge  
  16  0:52  Gateway  
  16  1:00  Probe  
  17  1:08  Probe  
  18  1:26  Pylon  
  18  1:28  Pylon  
  18  1:29  Pylon  
  18  1:31  Pylon  
  18  1:45  Photon Cannon  
  18  1:46  Gateway  
  18  1:47  Pylon  
  18  1:52  Photon Cannon  
  17  1:54  Probe  
  18  2:07  Photon Cannon  
  18  2:19  Photon Cannon  
  18  2:25  Photon Cannon  
  18  2:28  Photon Cannon  
  18  2:29  Zealot  
  18  2:32  Probe  
  18  2:34  Assimilator  
  19  2:38  Assimilator  
  21  2:49  Cybernetics Core  
  21  2:51  Probe  
  22  3:09  Probe  
  23  3:21  Probe  
  23  3:26  Stalker  
  25  3:34  Probe  
  25  3:46  Probe  
Show
View Real Time Build Order
Export as new Build Order

CareAgain Zerg 

Build Orders: Hatch First 

Get SALT Encoding   

  12  0:00  Drone  
  13  0:13  Overlord  
  13  0:16  Drone  
  14  0:31  Drone x2  
  16  0:50  Hatchery  
  16  0:53  Drone  
  16  0:55  Drone  
  18  1:04  Drone  
  18  1:12  Extractor  
  17  1:19  Spawning Pool  
  16  1:38  Drone x3  
  16  1:39  Extractor  
  18  2:04  Drone x3  
  21  2:13  Spine Crawler  
  19  2:23  Spine Crawler  
  19  2:26  Drone, Roach Warren  
  18  2:30  Drone  
  19  2:40  Queen  
  21  2:56  Drone x6  
  27  3:34  Roach  
  27  3:35  Overlord x2  
Tags
 
Add a new tag
Caveats
  • Supply blocks, unpowered buildings, or Contaminate may cause inaccurate times.
  • Supply counts are checked every 10 seconds.